 Dungeon Crawl Stone Soup version 0.16.2-12-gd0ad4c3 (webtiles) character file.

77 Kloppie the Sneak (level 4, 0/36 HPs)
             Began as a Naga Wizard on Nov 2, 2015.
             Slain by a worm (10 damage)
             ... on level 3 of the Dungeon.
             The game lasted 00:09:04 (3186 turns).

Kloppie the Sneak (Naga Wizard)                     Turns: 3186, Time: 00:09:04

Health: 0/36       AC:  2    Str:  9    XL:     4   Next: 33%
Magic:  9/9        EV: 10    Int: 18    God:
Gold:   114        SH:  0    Dex: 11    Spells: 1 memorised, 8 levels left

rFire  . . .     SeeInvis +     h - +0 whip
rCold  . . .     Clarity  .     a - +0 robe
rNeg   . . .     SustAb   .     (no shield)
rPois  +         Gourm    .     b - +0 hat
rElec  .         Spirit   .     (no cloak)
rCorr  .         Warding  .     (no gloves)
rMut   .         Stasis   .     (no barding)
MR     .....                    i - amulet of regeneration
Stlth  +++.......               (no ring)
                                (no ring)

@: short of breath, very slow, not resistant to hostile enchantments, fairly
stealthy
A: spit poison, see invisible, deformed body, poison resistance, slowness 2, AC
+1
a: Spit Poison


You were on level 3 of the Dungeon.
You were not hungry.

You visited 1 branch of the dungeon, and saw 3 of its levels.

You collected 114 gold pieces.

Inventory:

Hand weapons
 h - a +0 whip (weapon)
Armour
 a - a +0 robe (worn)
 b - a +0 hat (worn)
Jewellery
 i - an amulet of regeneration (around neck)
 p - an uncursed ring of ice
Scrolls
 e - a scroll of teleportation
Potions
 g - 2 potions of cancellation
 k - a potion of mutation
 m - a potion of might {unknown}
Books
 c - a book of Minor Magic

   Spells                             Type                      Level
   a - Magic Dart                     Conjuration                  1
   b - Blink                          Translocation                2
   c - Call Imp                       Summoning                    2
   d - Repel Missiles                 Charms/Air                   2
   e - Slow                           Hexes                        2
   f - Conjure Flame                  Conjuration/Fire             3
   g - Mephitic Cloud                 Conjuration/Poison/Air       3
Comestibles
 d - 4 bread rations


   Skills:
 + Level 1.0 Maces & Flails
 - Level 1.5 Dodging
 + Level 5.2 Stealth
 - Level 3.0 Spellcasting
 - Level 2.6 Conjurations
   Level 1.0 Summonings
   Level 1.0 Translocations


You had 8 spell levels left.
You knew the following spells:

 Your Spells              Type           Power        Failure   Level  Hunger
a - Magic Dart            Conj           ##..         8%          1    None


Dungeon Overview and Level Annotations

Branches:
Dungeon (3/15)

Altars:
Elyvilon

Annotations:
D:3 Kloppie's ghost, average VSBe


Innate Abilities, Weirdness & Mutations

You cannot wear boots.
You can spit poison.
Your serpentine skin is tough (AC +1).
You have supernaturally acute eyesight.
Armour fits poorly on your strangely shaped body.
Your system is resistant to poisons.
You cover ground very slowly.


Message History

The kobold is almost dead.
The kobold barely misses you.
You hit the kobold.
You kill the kobold!
The rat bites you.
* * * LOW HITPOINT WARNING * * *
You barely miss the rat. The rat misses you.
You barely miss the rat. The rat bites you.
* * * LOW HITPOINT WARNING * * *
You hit the rat.
You kill the rat!
You hit the rat.
You kill the rat!
Use which ability? (? or * to list)
Press: ? - help, Shift-Dir - straight line, f - worm
Aim: a worm The splash of poison hits the worm.
The worm is lightly wounded.
You feel slightly more hungry. The worm bites you!
You die...

## #.....#
.
#####.#....
#.#....
#.#....
#.#....
#.#.... #.#
#.. #.#
##w## #.#
#.#@#
#.####.####
#.#...#...#
#.#..#.#..#
#.####.####
#......#
########


You could see a worm.

Vanquished Creatures
  3 adders
  5 giant cockroaches
  6 hobgoblins
  4 jackals (D:2)
  7 bats
  2 giant newts (D:1)
  6 goblins
  11 kobolds
  9 rats
53 creatures vanquished.

Notes
Turn   | Place    | Note
--------------------------------------------------------------
     0 | D:1      | Kloppie, the Naga Wizard, began the quest for the Orb.
     0 | D:1      | Reached XP level 1. HP: 15/15 MP: 4/4
   409 | D:1      | Reached XP level 2. HP: 20/22 MP: 6/6
   862 | D:1      | Reached skill level 4 in Stealth
  1631 | D:2      | Found a white marble altar of Elyvilon.
  1636 | D:2      | Reached XP level 3. HP: 25/28 MP: 2/7
  2659 | D:2      | Reached XP level 4. HP: 23/36 MP: 9/9
  2702 | D:2      | Reached skill level 5 in Stealth
  2927 | D:3      | Noticed Kloppie's ghost (average VSBe)
  3158 | D:3      | Reached skill level 1 in Maces & Flails
  3186 | D:3      | Slain by a worm

Action                   |  1- 3 |  4- 6 || total
-------------------------+-------+-------++-------
Melee: Unarmed           |    14 |       ||    14
       Whip              |    88 |    55 ||   143
 Cast: Magic Dart        |    60 |     6 ||    66
 Abil: Spit Poison       |     5 |     3 ||     8
  Use: Scroll            |       |     6 ||     6
 Stab: Sleeping          |     1 |       ||     1
  Eat: Chunk             |     6 |       ||     6
       Pizza             |       |     1 ||     1
